SNL (28 & UNDER)
WEST VIRGINIA POWER @ BLACKIRON DRAGONS
08/11/2026
 
TOP OF THE 1ST
West Virginia Power batting - Pitching for BlackIron Dragons : RHP Ken Burris
Pitching: RHP Ken Burris
Batting: RHB Tony Parker 0-0: Ball
1-0: Fly out, F9 (Flyball, 9D)
Batting: RHB Dave McGrath 0-0: Called Strike
0-1: Foul Ball, location: 2F
0-2: Ball
1-2: Ball
2-2: Strikes out swinging wild pitch, reaches first!
Batting: RHB Roberto Tobías 0-0: Fly out, F9 (Flyball, 9M)
Batting: RHB Ben Dougherty 0-0: Ball
1-0: Foul Ball, location: 2F
1-1: DOUBLE (Flyball, 8LD)
Dave McGrath to third
Runner from 3rd tries for Home, SAFE, no throw or cutoff
Pitching: LHP Nick Walters
Batting: RHB Will Lott 0-0: Ground out 5-3 (Groundball, 5)
Top of the 1st over - 1 run(s), 1 hit(s), 0 error(s), 1 left on base; West Virginia 1 - BlackIron 0
BOTTOM OF THE 1ST
BlackIron Dragons batting - Pitching for West Virginia Power : RHP Xavier Castañera
Pitching: RHP Xavier Castañera
Batting: RHB Juan Hernández 0-0: Ball
1-0: Ball
2-0: Called Strike
2-1: Called Strike
2-2: Ball
3-2: Foul Ball, location: 2F
3-2: Ground out 4-3 (Groundball, 34)
Batting: RHB José Colón 0-0: Ball
1-0: Foul Ball, location: 2F
1-1: Fly out, F7 (Flyball, 7M)
Batting: RHB Gil Palmer 0-0: Ball
1-0: SINGLE (Flyball, 89S)
Batting: LHB Culley Vaughan 0-0: Ball
1-0: Called Strike
1-1: Ball
Gil Palmer is caught stealing 2nd base
Bottom of the 1st over - 0 run(s), 1 hit(s), 0 error(s), 0 left on base; West Virginia 1 - BlackIron 0
TOP OF THE 2ND
West Virginia Power batting - Pitching for BlackIron Dragons : LHP Nick Walters
Batting: LHB Héctor Soto 0-0: Ball
1-0: Foul Ball, location: 2F
Single, Error in OF, E8, batter to second base
Batting: RHB Brett Bell 0-0: Ball
1-0: Called Strike
1-1: SINGLE (Line Drive, 6)
Héctor Soto to third
Batting: RHB Aaron Murray 0-0: Ball
1-0: Foul Ball, location: 2F
1-1: Ball
2-1: Called Strike
2-2: Strikes out swinging
Batting: RHB Jesse Moore 0-0: Ball
1-0: Fly out, F9 (Flyball, 9M)
Runner from 3rd tags up, OUT at HOME
Top of the 2nd over - 0 run(s), 2 hit(s), 1 error(s), 1 left on base; West Virginia 1 - BlackIron 0
BOTTOM OF THE 2ND
BlackIron Dragons batting - Pitching for West Virginia Power : RHP Xavier Castañera
Batting: LHB Culley Vaughan 0-0: Ball
1-0: Called Strike
1-1: Foul Ball, location: 2F
1-2: Ball
2-2: Foul Ball, location: 2F
2-2: Ball
3-2: Foul Ball, location: 2F
3-2: Foul Ball, location: 2F
3-2: Ground out 4-3 (Groundball, 34)
Batting: RHB Preston MacLyan 0-0: Swinging Strike
0-1: SINGLE (Line Drive, 8RS)
Batting: RHB Frank Maxwell 0-0: Ball
1-0: Swinging Strike
1-1: Ball
2-1: Swinging Strike
2-2: Grounds into double play, 1-6-3 (Groundball, 15)
Bottom of the 2nd over - 0 run(s), 1 hit(s), 0 error(s), 0 left on base; West Virginia 1 - BlackIron 0
TOP OF THE 3RD
West Virginia Power batting - Pitching for BlackIron Dragons : LHP Nick Walters
Batting: RHB Tony Parker 0-0: Fly out, F4 (Popup, 4D)
Batting: RHB Dave McGrath 0-0: Ball
1-0: Swinging Strike
1-1: Swinging Strike
1-2: Ball
2-2: Foul Ball, location: 2F
2-2: Ball
3-2: Strikes out looking
Batting: RHB Roberto Tobías 0-0: Ball
1-0: Ground out 3-1 (Groundball, 34)
Top of the 3rd over - 0 run(s), 0 hit(s), 0 error(s), 0 left on base; West Virginia 1 - BlackIron 0
BOTTOM OF THE 3RD
BlackIron Dragons batting - Pitching for West Virginia Power : RHP Xavier Castañera
Batting: RHB Mark Arnold 0-0: Ball
1-0: Ball
2-0: Ball
3-0: Base on Balls
Batting: RHB Doug O'Brien 0-0: Ball
1-0: Called Strike
1-1: Swinging Strike
1-2: Foul Ball, location: 2F
1-2: Strikes out looking
Batting: RHB Eugene Payne 0-0: Fly out, F7 (Flyball, 78S)
Batting: RHB Juan Hernández 0-0: Called Strike
0-1: Ground out 3-1 (Groundball, 34S)
Bottom of the 3rd over - 0 run(s), 0 hit(s), 0 error(s), 1 left on base; West Virginia 1 - BlackIron 0
TOP OF THE 4TH
West Virginia Power batting - Pitching for BlackIron Dragons : LHP Nick Walters
Batting: RHB Ben Dougherty 0-0: Called Strike
0-1: Called Strike
0-2: Strikes out looking
Batting: RHB Will Lott 0-0: Called Strike
0-1: Ball
1-1: Ball
2-1: Swinging Strike
2-2: Strikes out swinging
Batting: LHB Héctor Soto 0-0: Ball
1-0: Ball
2-0: Foul Ball, location: 2F
2-1: Ball
3-1: Swinging Strike
3-2: Strikes out looking
Top of the 4th over - 0 run(s), 0 hit(s), 0 error(s), 0 left on base; West Virginia 1 - BlackIron 0
BOTTOM OF THE 4TH
BlackIron Dragons batting - Pitching for West Virginia Power : RHP Xavier Castañera
Batting: RHB José Colón 0-0: Ground out 6-3 (Groundball, 6)
Batting: RHB Gil Palmer 0-0: Ball
1-0: Foul Ball, location: 2F
1-1: Ball
2-1: Ground out 6-3 (Groundball, 6)
Batting: LHB Culley Vaughan 0-0: Swinging Strike
0-1: Ball
1-1: Called Strike
1-2: SINGLE (Line Drive, 8RS)
Batting: RHB Preston MacLyan 0-0: Called Strike
0-1: Ball
1-1: Ground out 5-3 (Groundball, 56)
Bottom of the 4th over - 0 run(s), 1 hit(s), 0 error(s), 1 left on base; West Virginia 1 - BlackIron 0
TOP OF THE 5TH
West Virginia Power batting - Pitching for BlackIron Dragons : LHP Nick Walters
Batting: RHB Brett Bell 0-0: Fly out, F4 (Popup, 4D)
Batting: RHB Aaron Murray 0-0: Called Strike
0-1: Ball
1-1: Fly out, F7 (Flyball, 7M)
Batting: RHB Jesse Moore 0-0: Swinging Strike
0-1: Foul Ball, location: 2F
0-2: Ball
1-2: Ground out 6-3 (Groundball, 6M)
Top of the 5th over - 0 run(s), 0 hit(s), 0 error(s), 0 left on base; West Virginia 1 - BlackIron 0
BOTTOM OF THE 5TH
BlackIron Dragons batting - Pitching for West Virginia Power : RHP Xavier Castañera
Batting: RHB Frank Maxwell 0-0: Ball
1-0: Reached on error, E4 (Groundball, 4)
Batting: RHB Mark Arnold 0-0: Called Strike
0-1: Foul Ball, location: 2F
0-2: Ball
1-2: Foul Ball, location: 2F
1-2: Foul Ball, location: 2F
1-2: Ball
2-2: Strikes out swinging
Batting: RHB Doug O'Brien 0-0: Swinging Strike
0-1: Ball
1-1: Ball
2-1: Foul Ball, location: 2F
2-2: Ball
3-2: Base on Balls
Batting: RHB Eugene Payne 0-0: Ball
1-0: Foul Ball, location: 2F
1-1: Foul Ball, location: 2F
1-2: Foul Ball, location: 2F
1-2: Ball
2-2: Strikes out looking
Batting: RHB Juan Hernández 0-0: SINGLE (Line Drive, 89S)
Frank Maxwell to third
Doug O'Brien to second
Batting: RHB José Colón 0-0: Ball
1-0: Called Strike
1-1: Fly out, F4 (Line Drive, 4D)
Bottom of the 5th over - 0 run(s), 1 hit(s), 1 error(s), 3 left on base; West Virginia 1 - BlackIron 0
TOP OF THE 6TH
West Virginia Power batting - Pitching for BlackIron Dragons : LHP Nick Walters
Batting: RHB Tony Parker 0-0: Ball
1-0: Ball
2-0: Foul Ball, location: 2F
2-1: Called Strike
2-2: SOLO HOME RUN (Flyball, 7LD), Distance : 382 ft
Batting: RHB Dave McGrath 0-0: Swinging Strike
0-1: Ball
1-1: Ball
2-1: Ball
3-1: Base on Balls
Batting: RHB Roberto Tobías 0-0: Ball
1-0: Called Strike
1-1: Foul Ball, location: 2F
1-2: Foul Ball, location: 2F
1-2: Ball
Passed Ball!
Dave McGrath to second
2-2: Ball
3-2: Hit by Pitch
Batting: RHB Ben Dougherty 0-0: Called Strike
0-1: Foul Ball, location: 2F
0-2: Ball
1-2: Strikes out looking
Batting: RHB Will Lott 0-0: Ball
1-0: Swinging Strike
1-1: Foul Ball, location: 2F
1-2: Strikes out looking
Batting: LHB Héctor Soto 0-0: Ball
1-0: Reached on error, E6 (Groundball, 6)
Dave McGrath to third
Roberto Tobías to second
Batting: RHB Brett Bell 0-0: Swinging Strike
0-1: Ball
1-1: Ball
2-1: Called Strike
2-2: Strikes out swinging
Top of the 6th over - 1 run(s), 1 hit(s), 1 error(s), 3 left on base; West Virginia 2 - BlackIron 0
BOTTOM OF THE 6TH
BlackIron Dragons batting - Pitching for West Virginia Power : RHP Xavier Castañera
Batting: RHB Gil Palmer 0-0: Ball
1-0: Foul Ball, location: 2F
1-1: SINGLE (Line Drive, 6D)
Batting: LHB Culley Vaughan 0-0: Ball
1-0: Called Strike
1-1: Foul Ball, location: 2F
1-2: Ball
2-2: Ball
3-2: Strikes out swinging
Batting: RHB Preston MacLyan 0-0: Called Strike
0-1: Ball
1-1: Swinging Strike
1-2: Strikes out swinging
Batting: RHB Frank Maxwell 0-0: Called Strike
0-1: Ball
1-1: Called Strike
1-2: Fly out, F8 (Flyball, 8LS)
Bottom of the 6th over - 0 run(s), 1 hit(s), 0 error(s), 1 left on base; West Virginia 2 - BlackIron 0
TOP OF THE 7TH
West Virginia Power batting - Pitching for BlackIron Dragons : LHP Nick Walters
Pitching: RHP Luis Canseco
Batting: RHB Aaron Murray 0-0: Ball
1-0: Ground out 6-3 (Groundball, 6)
Batting: RHB Jesse Moore 0-0: Called Strike
0-1: Foul Ball, location: 2F
0-2: DOUBLE (Line Drive, 5L)
Batting: RHB Tony Parker 0-0: Ball
Jesse Moore steals 3rd base
1-0: Reached on Error, E8 (Flyball, 8RD)
Jesse Moore scores
Batting: RHB Dave McGrath 0-0: Foul Ball, location: 2F
0-1: Ball
1-1: Ball
2-1: Foul Ball, location: 2F
2-2: Ball
3-2: Foul Ball, location: 2F
3-2: Base on Balls
Batting: RHB Roberto Tobías 0-0: Ball
1-0: Ball
Tony Parker steals 3rd base
Dave McGrath to second
2-0: Intentional Walk
Batting: RHB Ben Dougherty 0-0: Swinging Strike
0-1: Ball
1-1: Fly out, F9 (Flyball, 9M)
Runner from 3rd tags up, SCORES, throw made
Batting: RHB Will Lott 0-0: Called Strike
0-1: Fly out, F4 (Popup, 4D)
Top of the 7th over - 2 run(s), 1 hit(s), 1 error(s), 2 left on base; West Virginia 4 - BlackIron 0
BOTTOM OF THE 7TH
BlackIron Dragons batting - Pitching for West Virginia Power : RHP Xavier Castañera
Pitching: RHP Mark Osborne
Batting: RHB Mark Arnold 0-0: Ball
1-0: Foul Ball, location: 2F
1-1: Ground out 1-3 (Groundball, 15)
Batting: RHB Doug O'Brien 0-0: Called Strike
0-1: Foul Ball, location: 2F
0-2: Strikes out swinging
Batting: RHB Eugene Payne 0-0: Fly out, F8 (Flyball, 8LM)
Bottom of the 7th over - 0 run(s), 0 hit(s), 0 error(s), 0 left on base; West Virginia 4 - BlackIron 0
TOP OF THE 8TH
West Virginia Power batting - Pitching for BlackIron Dragons : RHP Luis Canseco
Batting: LHB Héctor Soto 0-0: Ball
1-0: Ball
2-0: Swinging Strike
2-1: Fly out, F6 (Popup, 6D)
Batting: RHB Brett Bell 0-0: Called Strike
0-1: Foul Ball, location: 2F
0-2: Foul Ball, location: 2F
0-2: Ball
1-2: Strikes out swinging
Batting: RHB Aaron Murray 0-0: Ground out 6-3 (Groundball, 6)
Top of the 8th over - 0 run(s), 0 hit(s), 0 error(s), 0 left on base; West Virginia 4 - BlackIron 0
BOTTOM OF THE 8TH
BlackIron Dragons batting - Pitching for West Virginia Power : RHP Mark Osborne
Batting: RHB Juan Hernández 0-0: Fly out, F8 (Flyball, 89M)
Batting: RHB José Colón 0-0: Ball
1-0: Ball
2-0: Ground out 6-3 (Groundball, 6)
Batting: RHB Gil Palmer 0-0: Ball
1-0: Ball
2-0: Ball
3-0: Base on Balls
Batting: LHB Culley Vaughan 0-0: Called Strike
0-1: Ball
Wild Pitch!
Gil Palmer to second
1-1: Ball
2-1: Ball
3-1: Swinging Strike
3-2: Base on Balls
Pitching: LHP Rick Wilson
Batting: RHB Preston MacLyan 0-0: Ball
1-0: Ground out 5-3 (Groundball, 56)
Bottom of the 8th over - 0 run(s), 0 hit(s), 0 error(s), 2 left on base; West Virginia 4 - BlackIron 0
TOP OF THE 9TH
West Virginia Power batting - Pitching for BlackIron Dragons : RHP Luis Canseco
Batting: RHB Jesse Moore 0-0: Called Strike
0-1: DOUBLE (Flyball, 8RM)
Batting: RHB Tony Parker 0-0: Called Strike
0-1: Ball
1-1: Ball
2-1: Swinging Strike
2-2: Strikes out swinging
Batting: RHB Dave McGrath 0-0: Fly out, F9 (Flyball, 9M)
Batting: RHB Roberto Tobías 0-0: Fly out, F4 (Popup, 34D)
Top of the 9th over - 0 run(s), 1 hit(s), 0 error(s), 1 left on base; West Virginia 4 - BlackIron 0
BOTTOM OF THE 9TH
BlackIron Dragons batting - Pitching for West Virginia Power : LHP Rick Wilson
Batting: RHB Frank Maxwell 0-0: Hit by Pitch
Batting: RHB Mark Arnold 0-0: Ball
1-0: Ball
2-0: Ball
3-0: Called Strike
3-1: Called Strike
3-2: SINGLE (Groundball, 34D)
Frank Maxwell to second
Runner from 2nd tries for 3rd, SAFE, throw made to third
Pitching: RHP Mike Frank
Batting: RHB Doug O'Brien 0-0: Ball
1-0: Called Strike
1-1: SINGLE (Groundball, 5L)
Frank Maxwell scores
Mark Arnold to second
Pinch Hitting: LHB Chris Waggoner 0-0: Called Strike
0-1: Foul Ball, location: 2F
0-2: Foul Ball, location: 2F
0-2: Ball
1-2: Ball
2-2: SINGLE (Groundball, 34)
Mark Arnold to third
Doug O'Brien to second
Pinch Hitting: LHB Manuel Cardenas 0-0: DOUBLE (Flyball, 89M)
Mark Arnold scores
Doug O'Brien scores
Chris Waggoner to third
Batting: RHB José Colón 0-0: Foul Ball, location: 2F
0-1: Swinging Strike
0-2: SINGLE (Line Drive, 78S)
Chris Waggoner scores
Manuel Cardenas to third
Batting: RHB Gil Palmer 0-0: Foul Ball, location: 2F
0-1: Ball
1-1: Called Strike
1-2: Foul Ball, location: 2F
1-2: SINGLE (Line Drive, 6MD)
Manuel Cardenas scores
Monday, December 5th, 2016 - OOTP Baseball 17.12 Build 75